 Dungeon Crawl Stone Soup version 0.19-a0-1920-g83281cb (webtiles) character file.

508 varam the Grappler (level 6, 59/59 HPs)
             Began as a Troll Monk on Oct 23, 2016.
             Was a Believer of Trog.
             Quit the game on level 3 of the Dungeon.
             The game lasted 00:04:08 (2077 turns).

varam the Grappler (Troll Monk)                     Turns: 2077, Time: 00:04:08

Health: 59/59      AC:  5    Str: 20    XL:     6   Next: 98%
Magic:  5/5        EV: 10    Int:  6    God:    Trog [**....]
Gold:   149        SH:  0    Dex: 14    Spells: 0 memorised, 5 levels left

rFire  . . .     SeeInvis .       - Unarmed
rCold  . . .     Gourm    +     a - +0 robe
rNeg   . . .     Faith    .     (no shield)
rPois  .         Spirit   .     (helmet restricted)
rElec  .         Reflect  .     (no cloak)
rCorr  .         Harm     .     (gloves unavailable)
MR     .....                    (boots unavailable)
Stlth  +.........               x - amulet of magic regeneration
                                (no ring)
                                k - ring of loudness (curse)

@: exhausted, slowed, very slow
A: unfitting armour, claws 3, fast metabolism 3, gourmand, regeneration 1,
shaggy fur 1, tough skin 2
a: Berserk, Trog's Hand, Burn Spellbooks, Renounce Religion


You were on level 3 of the Dungeon.
You worshipped Trog.
Trog was pleased with you.
You were very full.

You visited 1 branch of the dungeon, and saw 4 of its levels.

You collected 149 gold pieces.

Inventory:

Missiles
 w - 3 stones (quivered)
Armour
 a - a +0 robe (worn)
 p - a +0 cloak
Jewellery
 k - a cursed ring of loudness (left claw)
 x - an amulet of magic regeneration (around neck)
Scrolls
 f - 2 scrolls of fear {unknown}
 g - a scroll of teleportation {unknown}
 h - 6 scrolls of identify {unknown}
 m - 2 scrolls of remove curse {unknown}
 n - a scroll of recharging {unknown}
 o - a scroll of blinking {unknown}
 s - a scroll of enchant weapon {unknown}
 v - a scroll of magic mapping {unknown}
Potions
 d - a potion of curing {unknown}
 e - a potion of heal wounds {unknown}
 i - a potion of might {unknown}
 j - a potion of mutation {unknown}
 q - a potion of degeneration {unknown}
 u - a potion of ambrosia {unknown}
Books
 t - a book of Maledictions

   Spells                             Type                      Level
   a - Corona                         Hexes                        1
   b - Ensorcelled Hibernation        Hexes/Ice                    2
   c - Confuse                        Hexes                        3
   d - Tukima's Dance                 Hexes                        3
   e - Dazzling Spray                 Conjuration/Hexes            3
   Trog disapproves of the use of such an item.
Comestibles
 b - 2 bread rations
 c - 5 fruits
 l - a royal jelly
 r - 2 meat rations


   Skills:
 - Level 2.4 Fighting
 - Level 2.4 Dodging
 - Level 1.0 Stealth
 + Level 8.0 Unarmed Combat


You had 5 spell levels left.
You didn't know any spells.

Dungeon Overview and Level Annotations

Branches:
Dungeon (4/15)
 Temple: D:4-7

Altars:
Trog
Yredelemnul
Zin


Innate Abilities, Weirdness & Mutations

You are too large for most types of armour.
You have claws for hands.
Your metabolism is lightning-fast.
You like to eat raw meat.
Your natural rate of healing is unusually fast.
You are covered in fur. (AC +1)
You have very tough skin. (AC +2)


Message History

You feel a strong urge to attack something.
Found a basalt altar of Yredelemnul.
You mangle the adder!!
You kill the adder!
Trog accepts your kill.
Your Unarmed Combat skill increases to level 8!
There is a glowing silver altar of Zin here.
You see here an adder corpse.
You feel a strong urge to attack something.
You are no longer berserk.
You are exhausted.
You feel yourself slow down.
x - a triangular beryl amulet Put on which piece of jewellery? (? for menu, Esc to quit)
The amulet hums as it attunes itself to your energized body.
x - an amulet of magic regeneration (around neck) Put on which piece of jewellery? (? for menu, Esc to quit)
Oops, that ring feels deathly cold.
k - a cursed ring of loudness (left claw) Are you sure you want to abandon this character and quit the game? (Confirm with "yes".)

##### ###...###
###..._...#
#.........##
#..........#
#.....⌠....#
#####.@..(.....#
................#
..........._....######
........##..%........#
........###..........#
######..# #......†...#
#####..##..........#
.#.....).#####..#####
.........####..##


There were no monsters in sight!

Vanquished Creatures
  A centaur (D:4)
  An ogre (D:4)
  A scorpion (D:4)
  Crazy Yiuf (D:2)
  A hound (D:4)
  An orc priest (D:4)
  An orc wizard (D:4)
  An iguana (D:4)
  A worker ant (D:4)
  4 gnolls (D:2)
  3 adders
  A worm (D:2)
  4 dart slugs
  4 leopard geckos
  5 orcs (D:4)
  3 giant cockroaches
  8 goblins
  4 hobgoblins
  3 jackals (D:2)
  5 kobolds
  A quokka (D:4)
  2 bats
  3 frilled lizards
  5 rats
64 creatures vanquished.

Notes
Turn   | Place    | Note
-------+----------+-------------------------------------------
     0 | D:1      | varam the Troll Monk began the quest for the Orb.
     0 | D:1      | Reached XP level 1. HP: 22/22 MP: 0/0
   150 | D:1      | Reached XP level 2. HP: 29/29 MP: 1/1
   232 | D:2      | Reached skill level 4 in Unarmed Combat
   234 | D:2      | Reached XP level 3. HP: 24/36 MP: 2/2
   492 | D:2      | Reached skill level 5 in Unarmed Combat
   492 | D:2      | Reached XP level 4. HP: 35/44 MP: 3/3
   646 | D:2      | Found a runed door.
   650 | D:2      | Noticed Crazy Yiuf
   812 | D:4      | Noticed a centaur
   816 | D:4      | Killed a centaur
   816 | D:4      | Reached skill level 6 in Unarmed Combat
   816 | D:4      | Reached XP level 5. HP: 48/50 MP: 4/4
   893 | D:4      | Noticed an ogre
   902 | D:4      | Killed an ogre
   902 | D:4      | Reached skill level 7 in Unarmed Combat
   902 | D:4      | Reached XP level 6. HP: 49/59 MP: 5/5
   975 | D:4      | Found a bloodstained altar of Trog.
  1220 | D:4      | Became a worshipper of Trog the Wrathful
  1220 | D:4      | Reached * piety under Trog
  1220 | D:4      | Reached ** piety under Trog
  1269 | D:2      | Killed Crazy Yiuf
  2048 | D:3      | Found a glowing silver altar of Zin.
  2067 | D:3      | Found a basalt altar of Yredelemnul.
  2068 | D:3      | Reached skill level 8 in Unarmed Combat
  2077 | D:3      | Quit the game

Vault maps used:
D:1:      dpeg_arrival_orchard, serial_glass, glass_columns_b, glass_columns_c,
          minmay_misc_feat_hallway
D:2:      corexii_shack, minmay_tetromino_i2, uniq_crazy_yiuf_cottage
D:3:      fedhas_altar_2, grunt_temple_overflow_open,
          grunt_temple_overflow_champion_of_chaos
D:4:      kennysheep_mini_moat, first_bread, tgw_kikubaaqudgha

Skill      XL: |  1  2  3  4  5  6 |
---------------+-------------------+-----
Unarmed Combat | 4 5 6 7 8 |  8.0
Fighting       | |  2.4
Dodging        | |  2.4
Stealth        | |  1.0

Action                   |  1- 3 |  4- 6 || total
-------------------------+-------+-------++-------
Melee: Unarmed           |    50 |   110 ||   160
       Punch             |       |     2 ||     2
Invok: Berserk           |       |     2 ||     2
 Stab: Sleeping          |     1 |     2 ||     3
       Distracted        |       |     1 ||     1
  Eat: Chunk             |     6 |    19 ||    25
Armor: Robe              |    18 |    24 ||    42
Dodge: Dodged            |    16 |    39 ||    55
